 Dungeon Crawl Stone Soup version 0.31.0-11-ge490571c62 (webtiles) character file.

Game seed: 5626377611043189124

75 qw the Shooter (level 4, -1/25 HPs)
             Began as a Deep Elf Hunter on Feb 3, 2024.
             Slain by a goblin
             ... wielding a +0 dagger
             ... led by Robin
              (3 damage)
             ... on level 2 of the Dungeon.
             The game lasted 00:00:04 (1126 turns).

qw the Shooter (Deep Elf Hunter)                    Turns: 1126, Time: 00:00:04

Health: -1/25      AC:  5    Str: 10    XL:     4   Next: 11%
Magic:  6/6        EV: 11    Int: 14    God:
Gold:   25         SH:  0    Dex: 18    Spells: 3/3 levels left

rFire   . . .        a - +0 shortbow
rCold   . . .        (shield currently unavailable)
rNeg    . . .        e - +0 ring mail
rPois   .            (no helmet)
rElec   .            (no cloak)
rCorr   .            (no gloves)
SInv    .            (no boots)
Will    .....        (no amulet)
Stlth   +            (no ring)
HPRegen 0.24/turn    (no ring)
MPRegen 0.10/turn

%: no passive effects
@: no status effects
A: no striking features
a: no special abilities


You were on level 2 of the Dungeon.
You visited 1 branch of the dungeon, and saw 2 of its levels.

You collected 25 gold pieces.


   Skills:
 - Level 1.5 Fighting
 + Level 7.5 Ranged Weapons
 - Level 2.4 Dodging
 - Level 1.2 Stealth


You had 3 spell levels left.
You didn't know any spells.
Your spell library was empty.

Inventory:

Hand Weapons
 a - a +0 shortbow (weapon)
Armour
 b - a +1 scale mail of cold resistance
 e - a +0 ring mail (worn)
Potions
 d - a potion of might {unknown}

Dungeon Overview and Level Annotations

Branches:
Dungeon (2/15)

Altars:

Annotations:
D:2 Robin


Message History

Robin is heavily wounded.
Robin hits you from afar with a +0 spear.
You shoot an arrow.
The arrow hits the hobgoblin but does no damage.
Robin hits you from afar with a +0 spear.
The hobgoblin closely misses you.
A goblin comes into view. It is wielding a +0 dagger.
You shoot an arrow. The arrow hits the hobgoblin.
You kill the hobgoblin!
Robin closely misses you.
You shoot an arrow. The arrow closely misses the goblin.
The arrow hits Robin.
Robin is severely wounded.
Robin throws the goblin at you! The goblin barely misses you.
Robin hits you from afar with a +0 spear.
The goblin barely misses you.
You shoot an arrow. The arrow completely misses the goblin.
The goblin barely misses you. The goblin hits you but does no damage.
Robin closely misses you. The goblin hits you with a +0 dagger.
You shoot an arrow. The arrow closely misses the goblin.
The goblin hits you but does no damage. The goblin closely misses you.
The goblin barely misses you. Robin hits you but does no damage.
You shoot an arrow. The arrow closely misses the goblin.
The goblin no longer looks unusually strong.
The goblin hits you with a +0 dagger. The goblin misses you.
Robin throws the goblin at you! The goblin closely misses you.
The goblin hits you but does no damage. x2
You shoot an arrow.
The arrow hits the goblin but does no damage.
The goblin hits you but does no damage. The goblin hits you with a +0 dagger.
Robin roars a battlecry!
The goblin goes into a battle-frenzy!
The goblin hits you with a +0 dagger. The goblin hits you but does no damage.
The goblin barely misses you.
You shoot an arrow. The arrow hits the goblin.
You kill the goblin!
The goblin no longer looks unusually strong.
The goblin barely misses you. The goblin hits you with a +0 dagger.
Robin throws the goblin at you! The goblin barely misses you.
The goblin hits you with a +0 dagger.
You die...

#.#.# #......# #... #.#.# ....
#......###... #.#.# ...
#..(...##.... #.#.# ...
###...###.... #.#.# ..###
###%###.... ##.#.# ##)#.###
#.)##..## #..#.# .g#...#
##.##..#. #.##.# ###g#...#
#..#..#. #.##.########.g@)...#
##.#..#. #.##.#......#.ggg...#
#.#..#< #.##.#......#.......#
#.....#
#.##.'%.......#.....########....
#.####........)...(........#..#.
#.# #.....................'....
#.# #...........#.........#####
#.# #.......#####%........# #
##.####.......# #.........# ###


You could see Robin and 5 goblins.

Vanquished Creatures
  Jessica (D:2)
  An adder (D:2)
  A dart slug (D:2)
  3 ball pythons
  An endoplasm (D:1)
  4 giant cockroaches
  7 goblins
  4 hobgoblins
  5 kobolds
  A quokka (D:1)
  3 bats (D:2)
  2 frilled lizards
  4 rats (D:1)
37 creatures vanquished.

Notes
Turn   | Place    | Note
-------+----------+-------------------------------------------
     0 | D:1      | qw the Deep Elf Hunter began the quest for the Orb.
     0 | D:1      | Reached XP level 1. HP: 12/12 MP: 3/3
     0 | D:1      | 0 ||| qw: Version: 0.3-a-157-g843a77d
     0 | D:1      | 0 ||| qw: Game counter: 3877
     0 | D:1      | 0 ||| qw: Melee chars always use a shield: true
     0 | D:1      | 0 ||| qw: God list: Okawaru
     0 | D:1      | 0 ||| qw: Allow faded altars: false
     0 | D:1      | 0 ||| qw: Do Orc after clearing Dungeon:15 true
     0 | D:1      | 0 ||| qw: Do second Lair branch before Depths: true
     0 | D:1      | 0 ||| qw: Lair rune preference: random
     0 | D:1      | 0 ||| qw: Goals: Normal
     0 | D:1      | 0 ||| PLANNING D:1-11
    94 | D:1      | Reached XP level 2. HP: 16/16 MP: 4/4
    99 | D:1      | Reached skill level 6 in Ranged Weapons
   572 | D:1      | 572 ||| UPGRADING to +0 ring mail.
   582 | D:1      | 582 ||| DROPPING +0 leather armour.
   583 | D:1      | 583 ||| DROPPING scroll of butterflies.
   616 | D:2      | Noticed Jessica
   620 | D:2      | Killed Jessica
   621 | D:2      | Reached skill level 7 in Ranged Weapons
   621 | D:2      | Reached XP level 3. HP: 20/20 MP: 5/5
   896 | D:2      | Identified the +3 whip of Desertification {drain, rElec
                  | rPois Will+ Stlth-}
   920 | D:2      | Reached XP level 4. HP: 25/25 MP: 6/6
  1111 | D:2      | Noticed Robin
  1125 | D:2      | HP: 5/25 [goblin/+0 dagger[Robin] (2)]
  1126 | D:2      | HP: 2/25 [goblin/+0 dagger[Robin] (2)]
  1126 | D:2      | Slain by a goblin

Levels and vault maps discovered:
D:1:      matt_arrival_debris, layout_loops_ring, st_stairs_6
D:2:      layout_basic, shapermc_ecumenical_altar_mp_highgroup, uniq_jessica,
          uniq_robin

Skill      XL: |  1  2 |
---------------+-------+-----
Ranged Weapons | 7 |  7.5
Fighting       | |  1.5
Dodging        | |  2.4
Stealth        | |  1.2

Action                     |  1- 3 |  4- 6 || total
---------------------------+-------+-------++-------
   Fire: Shortbow          |    80 |    15 ||    95
 Armour: Leather armour    |     4 |       ||     4
         Ring mail         |     7 |    21 ||    28
  Dodge: Dodged            |    10 |    16 ||    26

Table legend:
 A = Non-vault XP
 B = Vault XP
 C = Vault XP percentage of total XP
 D = Non-vault monster count
 E = Vault monster count
 F = Vault count percentage of total count
                 A         B        C        D         E       F
            +---------+---------+-------+---------+---------+-------
      Total |      60 |      50 |  45.5 |      29 |       8 |  21.6
            +---------+---------+-------+---------+---------+-------
        D:1 |      27 |       1 |   3.6 |      17 |       1 |   5.6
        D:2 |      33 |      49 |  59.8 |      12 |       7 |  36.8
            +---------+---------+-------+---------+---------+-------
